ITL
BLUEVILLE 83'S @ TRENTON STARS
08/22/2025
 
TOP OF THE 1ST
Blueville 83's batting - Pitching for Trenton Stars : RHP Ki-tong Shiu
Pitching: RHP Ki-tong Shiu
Batting: LHB Bill Hall 0-0: Ball
1-0: Ball
2-0: Ball
3-0: Called Strike
3-1: Base on Balls
Batting: RHB Gernot Renner 0-0: Called Strike
0-1: Ball
1-1: Ball
2-1: 2-RUN HOME RUN (Flyball, 7D), Distance : 376 ft
Batting: LHB Júlio Velásquez 0-0: Ball
1-0: Ball
2-0: Called Strike
2-1: Foul Ball, location: 2F
2-2: Ball
3-2: Strikes out looking
Pitching: RHP Dorian Hoskins
Batting: RHB Bryce Hester 0-0: Ball
1-0: Foul Ball, location: 2F
1-1: Called Strike
1-2: Strikes out looking
Batting: RHB José Baca 0-0: Ball
1-0: Ground out 5-3 (Groundball, 5S)
Top of the 1st over - 2 run(s), 1 hit(s), 0 error(s), 0 left on base; Blueville 2 - Trenton 0
BOTTOM OF THE 1ST
Trenton Stars batting - Pitching for Blueville 83's : RHP Erik Estes
Pitching: RHP Erik Estes
Batting: LHB Felipe Guerrero 0-0: SINGLE (Line Drive, 89S)
Batting: RHB Felipe Olivas 0-0: Ball
1-0: Grounds into double play, 6-4-3 (Groundball, 6)
Batting: RHB Salvador Gonzáles 0-0: Called Strike
0-1: Ball
1-1: Called Strike
1-2: Foul Ball, location: 2F
1-2: Strikes out swinging
Bottom of the 1st over - 0 run(s), 1 hit(s), 0 error(s), 0 left on base; Blueville 2 - Trenton 0
TOP OF THE 2ND
Blueville 83's batting - Pitching for Trenton Stars : RHP Dorian Hoskins
Batting: RHB Naomichi Aoki 0-0: Called Strike
0-1: Ball
1-1: Foul Ball, location: 2F
1-2: Foul Ball, location: 2F
1-2: Strikes out swinging
Batting: LHB Robbie McLaughlin 0-0: Ball
1-0: Called Strike
1-1: Foul Ball, location: 2F
1-2: Ball
2-2: Ball
3-2: Base on Balls
Batting: RHB Fernando Díaz 0-0: Fly out, F7 (Flyball, 78S)
Batting: SHB Jack Fountain 0-0: Ball
1-0: Fly out, F9 (Flyball, 9S)
Top of the 2nd over - 0 run(s), 0 hit(s), 0 error(s), 1 left on base; Blueville 2 - Trenton 0
BOTTOM OF THE 2ND
Trenton Stars batting - Pitching for Blueville 83's : RHP Erik Estes
Batting: LHB Jeff Gordon 0-0: Ball
1-0: Foul Ball, location: 2F
1-1: SOLO HOME RUN (Flyball, 9D), Distance : 355 ft
Batting: RHB Clancy Booker 0-0: Ball
1-0: Called Strike
1-1: DOUBLE (Line Drive, 5)
Batting: LHB Ju-wei Shiu 0-0: Called Strike
0-1: Fly out, F8 (Line Drive, 8LM)
Batting: LHB Alberto Gómez 0-0: Ball
1-0: SINGLE (Groundball, 13) (infield hit)
Clancy Booker to third
Batting: RHB Jesús Dávila 0-0: Ball
1-0: Ball
2-0: Foul Ball, location: 2F
2-1: SINGLE (Flyball, 8LS)
Clancy Booker scores
Alberto Gómez to second
Runner from 2nd tries for 3rd, SAFE, throw made to third
Jesús Dávila to second
Batting: SHB Rafael Villa 0-0: Swinging Strike
0-1: Ball
1-1: Ground out U3 (Groundball, 3L)
Batting: LHB Felipe Guerrero 0-0: Ball
1-0: Ball
2-0: Foul Ball, location: 2F
2-1: Ball
3-1: Ground out 6-3 (Groundball, 6M)
Bottom of the 2nd over - 2 run(s), 4 hit(s), 0 error(s), 2 left on base; Blueville 2 - Trenton 2
TOP OF THE 3RD
Blueville 83's batting - Pitching for Trenton Stars : RHP Dorian Hoskins
Batting: LHB Bill Hall 0-0: Ball
1-0: Called Strike
1-1: Foul Ball, location: 2F
1-2: SINGLE (Line Drive, 4MD)
Batting: RHB Gernot Renner 0-0: Called Strike
0-1: Ball
1-1: SINGLE (Line Drive, 34D)
Bill Hall to second
Batting: LHB Júlio Velásquez 0-0: Called Strike
0-1: Fly out, F8 (Flyball, 8LD)
Batting: RHB Bryce Hester 0-0: Called Strike
0-1: Foul Ball, location: 2F
0-2: Strikes out swinging
Batting: RHB José Baca 0-0: Called Strike
0-1: Fielders Choice at 2nd, U6 (Groundball, 6M)
Top of the 3rd over - 0 run(s), 2 hit(s), 0 error(s), 2 left on base; Blueville 2 - Trenton 2
BOTTOM OF THE 3RD
Trenton Stars batting - Pitching for Blueville 83's : RHP Erik Estes
Batting: RHB Felipe Olivas 0-0: Ball
1-0: Called Strike
1-1: Swinging Strike
1-2: SINGLE (Groundball, 13) (infield hit)
Batting: RHB Salvador Gonzáles 0-0: Ball
1-0: Swinging Strike
1-1: Swinging Strike
1-2: Ball
2-2: Fly out, F9 (Flyball, 89M)
Batting: LHB Jeff Gordon 0-0: Ball
1-0: Foul Ball, location: 2F
1-1: 2-RUN HOME RUN (Flyball, 8LXD), Distance : 433 ft
Batting: RHB Clancy Booker 0-0: Called Strike
0-1: Swinging Strike
0-2: Foul Ball, location: 2F
0-2: Strikes out swinging
Batting: LHB Ju-wei Shiu 0-0: Ball
1-0: Ball
2-0: Foul Ball, location: 2F
2-1: Called Strike
2-2: Strikes out swinging
Bottom of the 3rd over - 2 run(s), 2 hit(s), 0 error(s), 0 left on base; Blueville 2 - Trenton 4
TOP OF THE 4TH
Blueville 83's batting - Pitching for Trenton Stars : RHP Dorian Hoskins
Batting: RHB Naomichi Aoki 0-0: Ball
1-0: Fly out, F8 (Flyball, 8LD)
Batting: LHB Robbie McLaughlin 0-0: Ball
1-0: Ball
2-0: SINGLE (Line Drive, 6MD)
Batting: RHB Fernando Díaz 0-0: Fly out, F8 (Flyball, 8LXD)
Batting: SHB Jack Fountain 0-0: Ball
1-0: Swinging Strike
1-1: Ball
2-1: Ball
3-1: DOUBLE (Line Drive, 9LS)
Robbie McLaughlin to third
Batting: LHB Bill Hall 0-0: DOUBLE (Line Drive, 8LXD)
Robbie McLaughlin scores
Jack Fountain scores
Batting: RHB Gernot Renner 0-0: Called Strike
0-1: Ball
1-1: Called Strike
1-2: SINGLE (Groundball, 56D)
Bill Hall to third
Runner from 3rd tries for Home, SAFE, no throw or cutoff
Batting: LHB Júlio Velásquez 0-0: Called Strike
0-1: Foul Ball, location: 2F
0-2: Ball
1-2: Fly out, F8 (Flyball, 8LXD)
Top of the 4th over - 3 run(s), 4 hit(s), 0 error(s), 1 left on base; Blueville 5 - Trenton 4
BOTTOM OF THE 4TH
Trenton Stars batting - Pitching for Blueville 83's : RHP Erik Estes
Batting: LHB Alberto Gómez 0-0: Ball
1-0: Foul Ball, location: 2F
1-1: Ball
2-1: Ball
3-1: Base on Balls
Batting: RHB Jesús Dávila 0-0: Called Strike
Alberto Gómez steals 2nd base
0-1: Ball
1-1: Foul Ball, location: 2F
1-2: Foul Ball, location: 2F
1-2: 2-RUN HOME RUN (Line Drive, 78XD), Distance : 396 ft
Batting: SHB Rafael Villa 0-0: SINGLE (Groundball, 5D)
Batting: LHB Felipe Guerrero 0-0: Called Strike
0-1: Ball
1-1: Swinging Strike
1-2: Foul Ball, location: 2F
1-2: Strikes out swinging
Batting: RHB Felipe Olivas 0-0: Ball
Rafael Villa steals 2nd base
1-0: Fly out, F8 (Line Drive, 8RM)
Pitching: RHP Jim Daniel
Batting: RHB Salvador Gonzáles 0-0: Foul Ball, location: 2F
0-1: Ball
1-1: Ball
2-1: SINGLE (Groundball, 6) (infield hit)
Rafael Villa to third
Batting: LHB Jeff Gordon 0-0: Ball
1-0: Ground out 4-3 (Groundball, 4)
Bottom of the 4th over - 2 run(s), 3 hit(s), 0 error(s), 2 left on base; Blueville 5 - Trenton 6
TOP OF THE 5TH
Blueville 83's batting - Pitching for Trenton Stars : RHP Dorian Hoskins
Pitching: RHP Lorenzo Vargas
Batting: RHB Bryce Hester 0-0: Called Strike
0-1: Ball
1-1: Ball
Reached via error on a dropped throw, E3
Batting: RHB José Baca 0-0: Ball
1-0: Swinging Strike
1-1: Ball
2-1: Ball
3-1: Called Strike
3-2: Foul Ball, location: 2F
3-2: Foul Ball, location: 2F
3-2: Strikes out swinging
Bryce Hester steals 2nd base
Batter strikes out.
Batting: RHB Naomichi Aoki 0-0: Foul Ball, location: 2F
0-1: 2-RUN HOME RUN (Line Drive, 78XD), Distance : 400 ft
Batting: LHB Robbie McLaughlin 0-0: Called Strike
0-1: Ball
1-1: Ball
2-1: Ball
3-1: Called Strike
3-2: Base on Balls
Batting: RHB Fernando Díaz 0-0: Ball
1-0: Called Strike
1-1: Foul Ball, location: 2F
1-2: SINGLE (Line Drive, 4D)
Robbie McLaughlin to second
Batting: SHB Jack Fountain 0-0: Swinging Strike
0-1: Foul Ball, location: 2F
0-2: Strikes out swinging
Batting: LHB Bill Hall 0-0: Ball
1-0: Ball
2-0: Ball
3-0: Base on Balls
Robbie McLaughlin to third
Fernando Díaz to second
Batting: RHB Gernot Renner 0-0: Ball
1-0: DOUBLE (Line Drive, 7LD)
Robbie McLaughlin scores
Fernando Díaz scores
Bill Hall to third
Batting: LHB Júlio Velásquez 0-0: Ball
1-0: Ball
2-0: Called Strike
2-1: SINGLE (Line Drive, 6D)
Bill Hall scores
Gernot Renner to third
Pitching: RHP Jonathan Booker
Batting: RHB Bryce Hester 0-0: Called Strike
0-1: Ball
1-1: Ball
2-1: Foul Ball, location: 2F
2-2: Ball
3-2: Base on Balls
Júlio Velásquez to second
Batting: RHB José Baca 0-0: Ball
1-0: Ball
2-0: Foul Ball, location: 2F
Single, Error in OF, E7, batter to second base
Gernot Renner scores
Júlio Velásquez scores
Bryce Hester to third
Batting: RHB Naomichi Aoki 0-0: Ball
1-0: Foul Ball, location: 2F
1-1: Called Strike
1-2: Ball
2-2: Ball
3-2: Fly out, F4 (Popup, 4)
Top of the 5th over - 7 run(s), 5 hit(s), 2 error(s), 2 left on base; Blueville 12 - Trenton 6
BOTTOM OF THE 5TH
Trenton Stars batting - Pitching for Blueville 83's : RHP Jim Daniel
Batting: RHB Clancy Booker 0-0: Called Strike
0-1: Called Strike
0-2: Ball
1-2: Fly out, F7 (Line Drive, 78M)
Batting: LHB Ju-wei Shiu 0-0: Ball
1-0: DOUBLE (Flyball, 78D)
Batting: LHB Alberto Gómez 0-0: Ball
1-0: Foul Ball, location: 2F
1-1: Foul Ball, location: 2F
1-2: Foul Ball, location: 2F
1-2: Strikes out swinging
Batting: RHB Jesús Dávila 0-0: Ball
1-0: Called Strike
1-1: Fly out, F7 (Flyball, 78S)
Bottom of the 5th over - 0 run(s), 1 hit(s), 0 error(s), 1 left on base; Blueville 12 - Trenton 6
TOP OF THE 6TH
Blueville 83's batting - Pitching for Trenton Stars : RHP Jonathan Booker
Batting: LHB Robbie McLaughlin 0-0: Ball
1-0: Ball
2-0: Fly out, F8 (Flyball, 8LM)
Batting: RHB Fernando Díaz 0-0: Foul Ball, location: 2F
0-1: SINGLE (Flyball, 9LS)
Batting: SHB Jack Fountain 0-0: Called Strike
0-1: Swinging Strike
0-2: Strikes out swinging
Batting: LHB Bill Hall 0-0: Called Strike
0-1: Called Strike
0-2: Foul Ball, location: 2F
0-2: Ball
1-2: Ball
2-2: Ball
3-2: Base on Balls
Fernando Díaz to second
Batting: RHB Gernot Renner 0-0: Ball
1-0: Called Strike
1-1: Foul Ball, location: 2F
1-2: Foul Ball, location: 2F
1-2: Ball
2-2: Fielders Choice at 2nd, U6 (Groundball, 6M)
Top of the 6th over - 0 run(s), 1 hit(s), 0 error(s), 2 left on base; Blueville 12 - Trenton 6
BOTTOM OF THE 6TH
Trenton Stars batting - Pitching for Blueville 83's : RHP Jim Daniel
Batting: SHB Rafael Villa 0-0: Ground out 4-3 (Groundball, 4M)
Batting: LHB Felipe Guerrero 0-0: Ball
1-0: Ball
2-0: SOLO HOME RUN (Flyball, 78XD), Distance : 420 ft
Batting: RHB Felipe Olivas 0-0: Foul Ball, location: 2F
0-1: Called Strike
0-2: Ball
1-2: Ball
2-2: Fly out, F8 (Flyball, 8LM)
Batting: RHB Salvador Gonzáles 0-0: Ball
1-0: Ball
2-0: Called Strike
2-1: Ball
3-1: SOLO HOME RUN (Flyball, 78XD), Distance : 405 ft
Batting: LHB Jeff Gordon 0-0: Called Strike
0-1: Swinging Strike
0-2: Ball
1-2: SOLO HOME RUN (Flyball, 8LXD), Distance : 431 ft
Pitching: LHP Pierre Dumont
Batting: RHB Clancy Booker 0-0: Ball
1-0: Ball
2-0: Called Strike
2-1: Called Strike
2-2: Foul Ball, location: 2F
2-2: Strikes out swinging
Bottom of the 6th over - 3 run(s), 3 hit(s), 0 error(s), 0 left on base; Blueville 12 - Trenton 9
TOP OF THE 7TH
Blueville 83's batting - Pitching for Trenton Stars : RHP Jonathan Booker
Batting: LHB Júlio Velásquez 0-0: Called Strike
0-1: Foul Ball, location: 2F
0-2: Strikes out swinging
Batting: RHB Bryce Hester 0-0: Called Strike
0-1: Ball
1-1: Ball
2-1: Called Strike
2-2: Ball
3-2: Foul Ball, location: 2F
3-2: Base on Balls
Batting: RHB José Baca 0-0: Called Strike
0-1: Grounds into double play, 5-4-3 (Groundball, 56)
Top of the 7th over - 0 run(s), 0 hit(s), 0 error(s), 0 left on base; Blueville 12 - Trenton 9
BOTTOM OF THE 7TH
Trenton Stars batting - Pitching for Blueville 83's : LHP Pierre Dumont
Batting: LHB Ju-wei Shiu 0-0: DOUBLE (Groundball, 3L)
Batting: LHB Alberto Gómez 0-0: Foul Ball, location: 2F
0-1: Called Strike
0-2: Foul Ball, location: 2F
0-2: Strikes out swinging
Batting: RHB Jesús Dávila 0-0: Ball
1-0: SINGLE (Line Drive, 7LM)
Ju-wei Shiu to third
Runner from 3rd tries for Home, SAFE, throw made home
Jesús Dávila to second
Batting: SHB Rafael Villa 0-0: Called Strike
Jesús Dávila steals 3rd base
0-1: Swinging Strike
0-2: Ball
1-2: Foul Ball, location: 2F
1-2: Strikes out looking
Batting: LHB Felipe Guerrero 0-0: Ground out 2-3 (Groundball, 2L)
Bottom of the 7th over - 1 run(s), 2 hit(s), 0 error(s), 1 left on base; Blueville 12 - Trenton 10
TOP OF THE 8TH
Blueville 83's batting - Pitching for Trenton Stars : RHP Jonathan Booker
Pitching: RHP Alfredo Ruíz
Batting: RHB Naomichi Aoki 0-0: Called Strike
0-1: Ball
1-1: Ball
2-1: Ball
3-1: Base on Balls
Batting: LHB Robbie McLaughlin 0-0: Sac Bunt - play at first, batter OUT! U3
Naomichi Aoki to second
Batting: RHB Fernando Díaz 0-0: Intentional Walk
Batting: SHB Jack Fountain 0-0: Called Strike
0-1: Foul Ball, location: 2F
0-2: Fly out, F2 (Popup, 2LF)
Batting: LHB Bill Hall 0-0: Ball
1-0: Ball
2-0: Foul Ball, location: 2F
2-1: Foul Ball, location: 2F
2-2: Foul Ball, location: 2F
2-2: Foul Ball, location: 2F
2-2: Ball
3-2: Foul Ball, location: 2F
3-2: SINGLE (Line Drive, 8RS)
Naomichi Aoki to third
Fernando Díaz to second
Naomichi Aoki scores
Fernando Díaz to third
Batting: RHB Gernot Renner 0-0: Called Strike
0-1: Foul Ball, location: 2F
0-2: Ball
1-2: Strikes out swinging
Top of the 8th over - 1 run(s), 1 hit(s), 0 error(s), 2 left on base; Blueville 13 - Trenton 10
BOTTOM OF THE 8TH
Trenton Stars batting - Pitching for Blueville 83's : LHP Pierre Dumont
Batting: RHB Felipe Olivas 0-0: Ball
1-0: Ball
2-0: Called Strike
2-1: Foul Ball, location: 2F
2-2: Foul Ball, location: 2F
2-2: Strikes out swinging
Batting: RHB Salvador Gonzáles 0-0: Ball
1-0: SINGLE (Groundball, 4MD)
Batting: LHB Jeff Gordon 0-0: Ball
1-0: Ball
2-0: TRIPLE (Flyball, 7D)
Salvador Gonzáles scores
Hidden ball trick at third base, runner out!
Batting: RHB Clancy Booker 0-0: Ball
1-0: Called Strike
1-1: Ball
2-1: Foul Ball, location: 2F
2-2: Foul Ball, location: 2F
2-2: Foul Ball, location: 2F
2-2: Ball
3-2: SOLO HOME RUN (Line Drive, 78XD), Distance : 405 ft
Batting: LHB Ju-wei Shiu 0-0: Ball
1-0: Called Strike
1-1: Swinging Strike
1-2: Ground out 6-3 (Groundball, 6MS)
Bottom of the 8th over - 2 run(s), 3 hit(s), 0 error(s), 0 left on base; Blueville 13 - Trenton 12
TOP OF THE 9TH
Blueville 83's batting - Pitching for Trenton Stars : RHP Alfredo Ruíz
Batting: LHB Júlio Velásquez 0-0: SINGLE (Groundball, 15) (infield hit)
Pitching: LHP Michael Puckett
Pinch Hitting: SHB Luis Muńóz 0-0: Foul Ball, location: 2F
0-1: Fly out, F9 (Popup, 9LS)
Batting: RHB José Baca 0-0: Ball
1-0: Called Strike
1-1: Called Strike
1-2: Ball
2-2: Ball
3-2: Foul Ball, location: 2F
3-2: Foul Ball, location: 2F
3-2: Base on Balls
Júlio Velásquez to second
Batting: RHB Naomichi Aoki 0-0: Called Strike
0-1: Foul Ball, location: 2F
0-2: Ball
1-2: Fly out, F3 (Popup, 3SF)
Pinch Hitting: RHB Matt Perkins 0-0: Ball
1-0: Ball
2-0: Called Strike
2-1: Ball
3-1: Foul Ball, location: 2F
3-2: Base on Balls
Júlio Velásquez to third
José Baca to second
Pitching: RHP Manuel Jimenen
Batting: RHB Fernando Díaz 0-0: Called Strike
0-1: Foul Ball, location: 2F
0-2: Foul Ball, location: 2F
0-2: Ball
1-2: Foul Ball, location: 2F
1-2: Strikes out swinging
Top of the 9th over - 0 run(s), 1 hit(s), 0 error(s), 3 left on base; Blueville 13 - Trenton 12
BOTTOM OF THE 9TH
Trenton Stars batting - Pitching for Blueville 83's : LHP Pierre Dumont
Pitching: RHP Didyu Ghosh
Now at SS: Matt Perkins
Now in LF: Jorge Sáenz
Batting: LHB Alberto Gómez 0-0: Ground out 4-3 (Groundball, 4)
Batting: RHB Jesús Dávila 0-0: Ball
1-0: Called Strike
1-1: Foul Ball, location: 2F
1-2: Ball
2-2: SINGLE (Line Drive, 89S)
Batting: SHB Rafael Villa 0-0: Foul Ball, location: 2F
0-1: SINGLE (Line Drive, 56D)
Jesús Dávila to second
Batting: LHB Felipe Guerrero 0-0: Called Strike
0-1: Foul Ball, location: 2F
0-2: Ball
1-2: SINGLE (Groundball, 3D)
Jesús Dávila to third
Rafael Villa to second
Runner from 3rd tries for Home, throw and OUT!
Rafael Villa to third
Felipe Guerrero to second
Batting: RHB Felipe Olivas 0-0: Ball
1-0: Ball
2-0: Ground out U3 (Groundball, 3S)
Bottom of the 9th over - 0 run(s), 3 hit(s), 0 error(s), 2 left on base; Blueville 13 - Trenton 12
This league is powered by Out of the Park Baseball, the baseball management simulation game for PC, Mac and Linux
Tuesday, August 2nd, 2016 - OOTP Baseball 16.8 Build 38